 Dungeon Crawl Stone Soup version 0.18.1-48-g4cf74bf (webtiles) character file.

31 Heedrag the Conjurer (level 3, -1/19 HPs)
             Began as a Deep Elf Conjurer on Aug 27, 2016.
             Killed from afar by Sigmund (10 damage)
             ... with a puff of flame
             ... on level 2 of the Dungeon.
             The game lasted 00:01:39 (930 turns).

Heedrag the Conjurer (Deep Elf Conjurer)             Turns: 930, Time: 00:01:39

Health: -1/19      AC:  2    Str:  6    XL:     3   Next: 7%
Magic:  6/10       EV: 13    Int: 19    God:
Gold:   59         SH:  0    Dex: 15    Spells: 1 memorised, 8 levels left

rFire  . . .     SeeInvis .     j - +2 spear (venom)
rCold  . . .     Gourm    .     a - +0 robe
rNeg   . . .     Faith    .     (no shield)
rPois  .         Spirit   .     (no helmet)
rElec  .         Dismiss  .     (no cloak)
rCorr  .         Reflect  .     (no gloves)
SustAt .         Harm     .     (no boots)
MR     .....                    d - amulet of inaccuracy (curse)
Stlth  ++........               (no ring)
                                (no ring)

@: not resistant to hostile enchantments, unstealthy
A: no striking features
a: no special abilities


You were on level 2 of the Dungeon.
You were not hungry.

You visited 1 branch of the dungeon, and saw 2 of its levels.

You collected 59 gold pieces.

Inventory:

Hand Weapons
 j - a +2 spear of venom (weapon)
Armour
 a - a +0 robe (worn)
Jewellery
 d - a cursed amulet of inaccuracy (around neck)
Scrolls
 h - a scroll of fear {unknown}
 i - a scroll of identify {unknown}
 l - a scroll of recharging {unknown}
Potions
 e - 3 potions of curing {unknown}
 g - a potion of haste {unknown}
Books
 b - a book of Conjurations

   Spells                             Type                      Level
   a - Magic Dart                     Conjuration                  1
   b - Searing Ray                    Conjuration                  2
   c - Dazzling Spray                 Conjuration/Hexes            3
   d - Fulminant Prism                Conjuration/Hexes            4
   e - Iskenderun's Mystic Blast      Conjuration                  4
   f - Iskenderun's Battlesphere      Conjuration/Charms           5
Comestibles
 c - 2 bread rations
 f - 4 fruits
 k - 2 chunks of flesh


   Skills:
 - Level 2.4 Dodging
 - Level 2.4 Stealth
 + Level 3.8 Spellcasting
 * Level 5.1 Conjurations


You had 8 spell levels left.
You knew the following spells:

 Your Spells              Type           Power        Failure   Level  Hunger
a - Magic Dart            Conj           ###.         1%          1    None


Dungeon Overview and Level Annotations

Branches:
Dungeon (2/15)

Altars:

Annotations:
D:2 Sigmund


Message History

Castin': Magic Dart Confirm wit' . or Enter, or press ? or * ta list all spells.
Aimin': Magic Dart
Press: ? - help, Shift-Dir - straight line, f/p - adder
Aim: an adder (severely wounded) Tha magic dart hits tha adder.
Ye kill tha adder!
Ye haf reached level 3!
Yer 'sperience leads ta an increase in yer attributes!
Increase (S)tr'ngth, (I)ntelligence, or (D)'sterity?
Ye feel stronger.
Sigmund shouts!
Ye hear a shout!
Sigmund hits ye from afar wit' a scytha!
Ouch! Tha re'lly hurt!
A kobold comes inta view.
It be wieldin' a club.
Sigmund closely misses ye.
Sigmund casts a spell at ye.
Tha puff o' flame hits ye!
Ouch! Tha re'lly hurt!
Ye die...

### ### ###.####.# #
###........# .#
......####.###.#
#..........# #
#<.###.....## #####.#
#).#.......... .......
#..#.......... .......
#....@#########.......
##.[.)...#...K'.......
#.......@.K###.......
#..####.#..# .......
#... #.#..# .......
#.... #.#..# ###....
..# #.#.## .... [..
##### ..$ ..


You could see Sigmund and a kobold.

Vanquished Creatures
  An adder (D:2)
  4 bats (D:1)
  4 giant cockroaches
  3 goblins (D:1)
  2 hobgoblins
  A jackal (D:2)
  A ball python (D:1)
  2 giant newts (D:1)
  A kobold (D:1)
  A rat (D:1)
20 creatures vanquished.

Notes
Turn   | Place    | Note
--------------------------------------------------------------
     0 | D:1      | Heedrag the Deep Elf Conjurer began the quest for the Orb.
     0 | D:1      | Reached XP level 1. HP: 10/10 MP: 6/6
     6 | D:1      | Noticed a salamander
     7 | D:1      | Noticed a black bear
     7 | D:1      | Noticed a wyvern
   185 | D:1      | Reached XP level 2. HP: 15/15 MP: 5/8
   827 | D:2      | Reached skill level 5 in Conjurations
   918 | D:2      | Noticed Sigmund
   919 | D:2      | Reached XP level 3. HP: 19/19 MP: 5/10
   930 | D:2      | Killed from afar by Sigmund

Skill      XL: |  1  2 |
---------------+-------+-----
Conjurations   | 5 |  5.1
Dodging        | |  2.4
Stealth        | |  2.4
Spellcasting   | |  3.8

Action                   || total
-------------------------++-------
 Cast: Magic Dart        ||    42
Armor: Robe              ||     1
Dodge: Dodged            ||     5
